 Dungeon Crawl Stone Soup version 0.26.1-11-gd32895ea62 (webtiles) character file.

Game seed: 12211129732698263776

12868 infcreate the Covert (level 11, -3/64 HPs)
             Began as a Vampire Enchanter on June 24, 2021.
             Was a High Priest of Kikubaaqudgha.
             Slain by a yak (10 damage)
             ... on level 9 of the Dungeon.
             The game lasted 00:59:57 (13770 turns).

infcreate the Covert (Vampire Enchanter)           Turns: 13770, Time: 00:59:57

Health: -3/64      AC: 14    Str:  7    XL:     11   Next: 68%
Magic:  15/19      EV: 34    Int: 19    God:    Kikubaaqudgha [*****.]
Gold:   604        SH:  0    Dex: 17    Spells: 9/21 levels left

rFire    . . .     SeeInvis +   n - +2 short sword (elec)
rCold    + + .     Faith    .   (no shield)
rNeg     + + +     Spirit   .   z - +2 robe {Will+}
rPois    ∞         Reflect  .   k - +0 helmet
rElec    .         Harm     .   w - +2 cloak {Will+}
rCorr    .         Rampage  .   h - +0 pair of gloves
Will     +++..                  b - +0 pair of boots
Stlth    ++++++++..             A - amulet of the acrobat
HPRegen  0.00/turn              O - +4 ring of protection
MPRegen  0.16/turn              (no ring)

@: acrobat, bloodless
A: fangs 3, see invisible, unbreathing
a: Bat Form, Revivify, Renounce Religion, Receive Corpses, Torment


You were on level 9 of the Dungeon.
You worshipped Kikubaaqudgha.
Kikubaaqudgha was extremely pleased with you.
You visited 1 branch of the dungeon, and saw 10 of its levels.

You collected 787 gold pieces.
You spent 183 gold pieces at shops.


Innate Abilities, Weirdness & Mutations

You do not regenerate when monsters are visible.
You are frail without blood (-20% HP).
You can heal yourself when you bite living creatures.
You are immune to poison.
You have razor-sharp teeth.
You have supernaturally acute eyesight. (SInv)
You can survive without breathing.


   Skills:
 + Level 5.2 Fighting
 * Level 9.4 Short Blades
 * Level 9.6 Dodging
 * Level 13.4 Stealth
 - Level 4.0 Shields
 + Level 5.8 Spellcasting
 + Level 10.8 Hexes
 + Level 0.5 Necromancy


You had 9 spell levels left.
You knew the following spells:

 Your Spells              Type           Power        Failure   Level
c - Corona                Hex            51%          1%          1
d - Tukima's Dance        Hex            46%          1%          3
e - Ensorcelled Hibernat  Hex/Ice        52%          1%          2
f - Dazzling Flash        Conj/Hex       52%          3%          3
t - Confusing Touch       Hex            46%          1%          3

Your spell library contained the following spells:

 Spells                   Type           Power        Failure   Level
 Inner Flame              Hex/Fire       26%          3%          3
 Pain                     Necr           28%          9%          1
 Foxfire                  Conj/Fire      20%          12%         1
 Shock                    Conj/Air       20%          12%         1
 Sting                    Tmut/Pois      20%          12%         1
 Sublimation of Blood     Necr           3%           14%         2
 Corpse Rot               Necr/Air       N/A          16%         2
 Poisonous Vapours        Pois/Air       10%          17%         2
 Swiftness                Air            5%           17%         2
 Vampiric Draining        Necr           3%           26%         3
 Conjure Flame            Conj/Fire      5%           34%         3
 Ignite Poison            Fire/Tmut/Pois 5%           34%         3
 Mephitic Cloud           Conj/Pois/Air  5%           34%         3
 Static Discharge         Conj/Air       5%           34%         3
 Animate Dead             Necr           3%           65%         4
 Dispel Undead            Necr           7%           65%         4
 Airstrike                Air            2%           75%         4
 Olgreb's Toxic Radiance  Pois           5%           75%         4
 Sticky Flame             Conj/Fire      5%           75%         4
 Excruciating Wounds      Necr           3%           94%         5
 Borgnjor's Vile Clutch   Necr/Erth      3%           96%         5
 Fireball                 Conj/Fire      2%           97%         5
 Lightning Bolt           Conj/Air       2%           97%         5
 Death Channel            Necr           3%           100%        6

Inventory:

Hand Weapons
 j - a +5 dagger of draining
 n - a +2 short sword of electrocution (weapon)
Missiles
 C - 3 throwing nets {=f}
Armour
 b - a +0 pair of boots (worn)
 h - a +0 pair of gloves (worn)
 k - a +0 helmet (worn)
 o - a +2 buckler
 w - a +2 cloak of willpower (worn)
 z - a +2 robe of willpower (worn)
Jewellery
 A - an amulet of the acrobat (around neck)
 O - a +4 ring of protection (left hand)
 W - an uncursed ring of magical power
Wands
 y - a wand of random effects (23)
 D - a wand of digging (3)
Scrolls
 a - 2 scrolls of identify {@r1}
 c - a scroll of fog
 d - 3 scrolls of magic mapping
 i - 5 scrolls of teleportation {@r4}
 l - 4 scrolls of amnesia
 p - 7 scrolls of remove curse {@r2}
Potions
 e - 5 potions of attraction
 f - 3 potions of flight
 g - 3 potions of curing {unknown}
 m - a potion of invisibility {unknown}
 q - 6 potions of heal wounds {unknown}
 r - a potion of ambrosia
 s - 3 potions of might
 t - 3 potions of magic {unknown}
 v - 3 potions of brilliance
 x - a potion of mutation {unknown}
Miscellaneous
 B - a box of beasts

Dungeon Overview and Level Annotations

Branches:
Dungeon (10/15)            Temple (0/1) D:5            Lair (0/6) D:9
    Orc: D:9-12

Altars:
Elyvilon
Gozag
Kikubaaqudgha
Nemelex Xobeh
Okawaru
Qazlal
Uskayaw
Vehumet

Shops:
D:6 *

Annotations:
D:4 Menkaure
D:7 1 runed translucent door

#....)....# ####./..##......##
#.........# ####....#.##...
#......Y..## ##..##>####.
#.......Y..##### #......###.
#...........†Y.# #.###...###
###.##########Y## #.# #.#.### #.#
#Y.#####.# #.#.... #####.#
##.##....###.####. ....#.#
#@YY...§..#..#.... ....#.#
#............####. [.....#
##............#.... ....###
#.....#.......#..## ......##
#....#..>......#.## .......####
#.........(.......#
....##....#####...#..............
.)..####.(............(.......)..
....# ##.###..#.........(..#.÷..


You could see a death yak and a yak.


Message History

You hit the death yak but do no damage.
The death yak is moderately wounded.
The death yak gores you!!
* * * LOW HITPOINT WARNING * * *
You hit the death yak but do no damage.
The death yak is moderately wounded.
You hit the death yak but do no damage.
The death yak is moderately wounded.
The death yak completely misses you.
You hit the death yak but do no damage.
The death yak is moderately wounded.
The death yak misses you.
You hit the death yak but do no damage.
The death yak is moderately wounded.
The yak bellows!
You hit the death yak but do no damage.
You bite the death yak, but do no damage.
The death yak is moderately wounded.
The death yak gores you!!
* * * LOW HITPOINT WARNING * * *
Okay, then.
As you read the scroll of teleportation {@r4}, it crumbles to dust.
You feel strangely unstable. The death yak completely misses you.
Your hands stop glowing.
Your surroundings suddenly seem different.
The yak misses you. The yak barely misses you. The yak closely misses you.
The yak gores you!
You die...
Kikubaaqudgha rasps: "You have failed me!
Welcome... oblivion!"

Skill      XL: |  1  2  3  4  5  6  7  8  9 10 11 |
---------------+----------------------------------+-----
Stealth        | 5 6 8 9 10 12 13 | 13.4
Hexes          | 5 6 7 8 9 10 | 10.8
Short Blades   | 2 3 4 5 7 8 9 |  9.4
Dodging        | 3 4 5 6 7 8 9 |  9.6
Fighting       | 1 2 3 4 5 |  5.2
Spellcasting   | 3 4 5 |  5.8
Shields        | 2 3 4 |  4.0
Necromancy     | |  0.5

Action                   |  1- 3 |  4- 6 |  7- 9 | 10-12 || total
-------------------------+-------+-------+-------+-------++-------
Melee: Dagger            |    96 |   106 |   339 |   305 ||   846
       Bite              |     5 |     7 |    29 |    33 ||    74
       Short sword       |       |     7 |     4 |    49 ||    60
 Cast: Corona            |     8 |     2 |     4 |     6 ||    20
       Ensorcelled Hiber |    25 |    39 |    74 |    82 ||   220
       Confusing Touch   |     1 |     4 |    31 |    28 ||    64
 Abil: Exsanguinate      |     1 |       |       |       ||     1
  Use: Scroll            |     1 |     7 |     8 |     8 ||    24
 Stab: Sleeping          |    28 |    35 |    55 |    63 ||   181
       Confused          |     1 |     5 |    30 |    27 ||    63
Armor: Robe              |     9 |     5 |    70 |    67 ||   151
Dodge: Dodged            |    47 |    41 |   142 |   200 ||   430

Levels and vault maps discovered:
D:1:      saegor_arrival_simple_e, layout_loops_ring
D:2:      layout_basic, nicolae_qazlal_eye_of_the_storm,
          chequers_temple_overflow_minitemple, uniq_robin, uniq_sigmund,
          uniq_terence
D:3:      layout_loops_ring, nicolae_gozag_cash_rules_everything_around_me,
          lemuel_round_altar, kennysheep_decorative_pillar
D:4:      layout_cave_pools, uniq_menkaure
D:5:      minmay_general_purpose_star, layout_cave_pools,
          minmay_temple_entry_gardened_gates, uniq_eustachio,
          uniq_blork_the_orc, uniq_crazy_yiuf_cottage, uniq_duvessa,
          uniq_prince_ribbit1
D:6:      layout_basic, serial_shops, kennysheep_mini, skrybe_limestone_x
D:7:      minmay_the_grid_triangle_9x9_rhombus_full
          [minmay_the_grid_triangle_9x9_corrupted_corridor,
          minmay_the_grid_triangle_9x9_from_above,
          minmay_the_grid_triangle_9x9_alien,
          minmay_the_grid_triangle_9x9_sparse_checkered,
          minmay_the_grid_triangle_9x9_zippers_horizontal,
          minmay_the_grid_triangle_9x9_fully_insulated_deathbox,
          minmay_the_grid_triangle_9x9_empty,
          minmay_the_grid_triangle_9x9_prize_top_heavy], layout_cave_pods,
          uniq_harold
D:8:      layout_basic, uniq_psyche, uniq_joseph
D:9:      layout_rooms, kennysheep_okawaru_gauntlet, dpeg_lair_monsters
D:10:     layout_roguey, basic_altar, minmay_joined_circles

Notes
Turn   | Place    | Note
-------+----------+-------------------------------------------
     0 | D:1      | infcreate the Vampire Enchanter began the quest for the
                  | Orb.
     0 | D:1      | Reached XP level 1. HP: 13/13 MP: 3/3
   207 | D:1      | Reached XP level 2. HP: 15/15 MP: 5/5
   210 | D:1      | Learned a level 2 spell: Ensorcelled Hibernation
  1070 | D:2      | Reached skill level 5 in Stealth
  1135 | D:2      | Noticed Terence
  1178 | D:2      | Noticed Robin
  1197 | D:2      | Reached XP level 3. HP: 16/20 MP: 6/6
  1306 | D:2      | Killed Robin
  1307 | D:2      | Reached skill level 5 in Hexes
  1517 | D:2      | Reached skill level 2 in Short Blades
  1633 | D:2      | Noticed Sigmund
  1844 | D:1      | Learned a level 3 spell: Confusing Touch
  1857 | D:2      | Killed Terence
  1858 | D:2      | Reached skill level 3 in Dodging
  1858 | D:2      | Reached XP level 4. HP: 24/24 MP: 2/7
  1910 | D:2      | Found an ancient bone altar of Kikubaaqudgha.
  1910 | D:2      | Found a faded altar of an unknown god.
  1915 | D:2      | Found a white marble altar of Elyvilon.
  1917 | D:2      | Found a hide-covered altar of Uskayaw.
  1918 | D:2      | Found a faded altar of an unknown god.
  1926 | D:2      | Became a worshipper of Kikubaaqudgha
  2258 | D:2      | Found a stormy altar of Qazlal.
  2659 | D:2      | Killed Sigmund
  2660 | D:2      | Reached skill level 1 in Fighting
  2660 | D:2      | Reached skill level 3 in Short Blades
  2660 | D:2      | Reached skill level 6 in Stealth
  2660 | D:2      | Reached XP level 5. HP: 25/29 MP: 5/8
  3138 | D:3      | Reached XP level 6. HP: 34/34 MP: 9/9
  3315 | D:3      | Learned a level 3 spell: Tukima's Dance
  3374 | D:3      | You fall into a shaft and drop 2 floors!
  3374 | D:5      | Entered Level 5 of the Dungeon
  3395 | D:4      | Reached skill level 6 in Hexes
  3510 | D:3      | Found a sparkling altar of Nemelex Xobeh.
  3591 | D:3      | Found an opulent altar of Gozag.
  4208 | D:3      | Reached skill level 4 in Dodging
  4579 | D:4      | Noticed Menkaure
  4741 | D:4      | Reached * piety under Kikubaaqudgha
  4741 | D:4      | Identified Kikubaaqudgha's Collected Works on Black Rituals
                  | (Kikubaaqudgha gifted it to you on level 4 of the Dungeon)
  4741 | D:4      | Received a gift from Kikubaaqudgha
  4833 | D:4      | Reached XP level 7. HP: 39/39 MP: 4/11
  4950 | D:4      | Reached skill level 3 in Spellcasting
  5110 | D:4      | Reached skill level 7 in Stealth
  5211 | D:5      | Found a staircase to the Ecumenical Temple.
  5294 | D:5      | Reached skill level 4 in Short Blades
  5342 | D:5      | Reached skill level 2 in Fighting
  5376 | D:5      | Noticed Blork the orc
  5589 | D:5      | Killed Blork the orc
  5590 | D:5      | Reached skill level 7 in Hexes
  5677 | D:4      | Reached ** piety under Kikubaaqudgha
  5805 | D:5      | Found a runed translucent door.
  5806 | D:5      | Noticed Crazy Yiuf
  5813 | D:5      | Killed Crazy Yiuf
  5839 | D:5      | Noticed Dowan
  5846 | D:5      | Noticed Duvessa
  5846 | D:5      | Noticed Prince Ribbit
  5870 | D:5      | Killed Prince Ribbit
  5871 | D:5      | Reached skill level 5 in Dodging
  5871 | D:5      | Reached skill level 8 in Stealth
  5871 | D:5      | Reached XP level 8. HP: 45/45 MP: 11/13
  5960 | D:5      | Killed Duvessa
  5961 | D:5      | Reached skill level 5 in Short Blades
  5963 | D:5      | Killed Dowan
  6050 | D:5      | Noticed Eustachio
  6134 | D:5      | Killed Eustachio
  6135 | D:5      | Reached skill level 8 in Hexes
  6508 | D:6      | Learned a level 3 spell: Dazzling Flash
  6943 | D:6      | Found Idynadat's Assorted Antiques.
  6946 | D:6      | Bought 2 golden potions for 48 gold pieces
  6946 | D:6      | Bought a large glass ring for 135 gold pieces
  7046 | D:6      | Reached skill level 9 in Stealth
  7245 | D:6      | Reached skill level 3 in Fighting
  7245 | D:6      | Reached skill level 6 in Dodging
  7340 | D:6      | Reached XP level 9. HP: 50/50 MP: 7/14
  7575 | D:7      | Reached *** piety under Kikubaaqudgha
  7575 | D:7      | Identified Kikubaaqudgha's Guide on Evil (Kikubaaqudgha
                  | gifted it to you on level 7 of the Dungeon)
  7575 | D:7      | Received a gift from Kikubaaqudgha
  7649 | D:7      | Reached skill level 6 in Short Blades
  7649 | D:7      | Reached skill level 4 in Spellcasting
  7818 | D:7      | HP: 5/51 [centaur/arrow (7)]
  8067 | D:7      | Reached skill level 9 in Hexes
  8196 | D:6      | Reached skill level 10 in Stealth
  8240 | D:7      | Noticed Harold
  8339 | D:7      | Reached skill level 1 in Shields
  8799 | D:7      | Reached skill level 7 in Dodging
  9134 | D:7      | Found a runed translucent door.
  9135 | D:7      | Found a runed translucent door.
  9136 | D:7      | Found a runed translucent door.
  9179 | D:7      | Reached skill level 7 in Short Blades
  9215 | D:7      | Reached skill level 2 in Shields
  9319 | D:7      | Noticed a manticore
  9322 | D:7      | Reached XP level 10. HP: 51/56 MP: 12/16
  9325 | D:7      | Killed a manticore
  9326 | D:7      | Reached skill level 11 in Stealth
  9680 | D:7      | Reached skill level 4 in Fighting
 10252 | D:8      | Reached **** piety under Kikubaaqudgha
 10861 | D:8      | Noticed Psyche
 10880 | D:8      | Killed Psyche
 10881 | D:8      | Reached skill level 8 in Dodging
 10881 | D:8      | Reached skill level 5 in Spellcasting
 11083 | D:8      | Noticed Joseph
 11093 | D:8      | Killed Joseph
 11094 | D:8      | Reached skill level 8 in Short Blades
 11094 | D:8      | Reached skill level 10 in Hexes
 11219 | D:8      | Killed Harold
 11220 | D:8      | Reached skill level 12 in Stealth
 11220 | D:8      | Reached skill level 3 in Shields
 11509 | D:9      | Noticed a centaur warrior
 11912 | D:9      | Found a staircase to the Lair.
 11912 | D:9      | Noticed a death yak
 11923 | D:9      | Noticed a death yak
 11927 | D:9      | Noticed a death yak
 12046 | D:9      | Reached XP level 11. HP: 62/62 MP: 13/18
 12082 | D:9      | Killed a centaur warrior
 12619 | D:9      | Found an iron altar of Okawaru.
 12676 | D:10     | Entered Level 10 of the Dungeon
 12689 | D:10     | Noticed an unseen horror
 12703 | D:10     | Killed an unseen horror
 12704 | D:10     | Reached skill level 9 in Dodging
 12789 | D:10     | Reached skill level 5 in Fighting
 12825 | D:10     | Reached skill level 9 in Short Blades
 12961 | D:10     | Reached skill level 13 in Stealth
 13042 | D:10     | Got a smoking scimitar
 13050 | D:10     | Identified the cursed +2 scimitar of Caelenib {vorpal,
                  | +Rage Str+3 Dex+5} (You found it on level 10 of the
                  | Dungeon)
 13179 | D:10     | Reached ***** piety under Kikubaaqudgha
 13201 | D:10     | Found a radiant altar of Vehumet.
 13435 | D:10     | Reached skill level 4 in Shields
 13751 | D:9      | Killed a death yak
 13770 | D:9      | Slain by a yak

Vanquished Creatures
  Harold (D:8)
  A death yak (D:9)
  A centaur warrior (D:9)
  An unseen horror (D:10)
  A cyclops (D:9)
  A manticore (D:7)
  Joseph (D:8)
  Psyche (D:8)
  2 trolls (D:10)
  Prince Ribbit (D:5)
  A meliai zombie (D:8)
  Sigmund (D:2)
  A shadow (D:7)
  2 wyverns
  7 yaks
  Eustachio (D:5)
  A water moccasin (D:6)
  2 ice beasts
  Duvessa (D:5)
  A black bear (D:7)
  2 necrophages (D:10)
  An orc warrior (D:10)
  4 sky beasts
  3 phantoms
  8 ogres
  7 centaurs
  Blork the orc (D:5)
  10 bullfrogs
  Dowan (D:5)
  A wyvern skeleton (D:10)
  3 scorpions
  7 killer bees
  A howler monkey (D:8)
  15 wights
  4 centaur zombies
  2 quasits
  11 hounds
  Crazy Yiuf (D:5)
  5 orc priests
  2 centaur skeletons
  11 orc wizards
  An iguana (D:5)
  Terence (D:2)
  8 worker ants
  A hound zombie (D:6)
  A hound skeleton (D:4)
  3 worker ant zombies
  Robin (D:2)
  3 gnolls (D:8)
  17 adders
  4 shadow imps
  5 white imps
  An ufetubus (D:6)
  An ooze (D:4)
  An adder skeleton (D:7)
  3 dart slugs
  2 worms
  9 leopard geckos
  39 orcs
  8 bats
  4 giant cockroaches
  10 hobgoblins
  5 jackals
  10 kobolds
  6 quokkas
  A ball python skeleton (D:4)
  5 frilled lizards
  13 goblins
  A leopard gecko skeleton (D:7)
  A leopard gecko zombie (D:7)
  A quokka skeleton (D:4)
  A quokka zombie (D:5)
  9 rats
305 creatures vanquished.

Table legend: (Time is in decaauts)
 A = Elapsed time spent in this place.
 B = Non-inter-level travel time spent in this place.
 C = Inter-level travel time spent in this place.
 D = Time resting spent in this place.
 E = Time spent auto-exploring this place.
 F = Levels seen in this place.
 G = Mean time per level.
                   A        B        C        D        E       F      G
               +--------+--------+--------+--------+--------+-----+--------+
         Total |  13515 |  11744 |   1771 |   4411 |      0 |  10 | 1351.5 |
       Dungeon |  13515 |  11744 |   1771 |   4411 |      0 |  10 | 1351.5 |
               +--------+--------+--------+--------+--------+-----+--------+

Top non-repeatable levels by time:
     D:7: 2407 daAuts
     D:2: 1973 daAuts
     D:8: 1743 daAuts
     D:6: 1230 daAuts
     D:1: 1213 daAuts
     D:3: 1133 daAuts
     D:5: 1108 daAuts
    D:10: 941 daAuts
     D:4: 886 daAuts
     D:9: 879 daAuts

Table legend:
 A = Non-vault XP
 B = Vault XP
 C = Vault XP percentage of total XP
 D = Non-vault monster count
 E = Vault monster count
 F = Vault count percentage of total count
                 A         B        C        D         E       F
            +---------+---------+-------+---------+---------+-------
      Total |   11924 |    6460 |  35.1 |     241 |      64 |  21.0
            +---------+---------+-------+---------+---------+-------
        D:1 |      33 |       0 |   0.0 |      19 |       0 |   0.0
        D:2 |      39 |     292 |  88.2 |      16 |      14 |  46.7
        D:3 |     253 |       0 |   0.0 |      26 |       0 |   0.0
        D:4 |     401 |       0 |   0.0 |      20 |       0 |   0.0
        D:5 |     244 |     883 |  78.3 |      16 |      11 |  40.7
        D:6 |     974 |       0 |   0.0 |      26 |       0 |   0.0
        D:7 |    1540 |    1747 |  53.1 |      24 |      27 |  52.9
        D:8 |    2144 |    1866 |  46.5 |      34 |       3 |   8.1
        D:9 |    2508 |    1117 |  30.8 |      27 |       2 |   6.9
       D:10 |    3788 |     555 |  12.8 |      33 |       7 |  17.5
            +---------+---------+-------+---------+---------+-------
